 Dungeon Crawl Stone Soup version 0.31.0-32-g396128a36d (webtiles) character file.

Game seed: 9064850838079154189

57 0gre the Chiller (level 4, 32/32 HPs)
             Began as a Gnoll Ice Elementalist on Apr 10, 2024.
             Quit the game on level 2 of the Dungeon.
             The game lasted 00:05:51 (1199 turns).

0gre the Chiller (Gnoll Ice Elementalist)           Turns: 1199, Time: 00:05:51

Health: 32/32      AC:  2    Str:  8    XL:     4   Next: 0%
Magic:  7/11       EV: 13    Int: 14    God:
Gold:   78         SH:  0    Dex: 14    Spells: 9/13 levels left

rFire   . . .        a - +0 short sword
rCold   . . .        (no shield)
rNeg    . . .        e - +0 robe
rPois   .            (no helmet)
rElec   .            (no cloak)
rCorr   .            (no gloves)
SInv    .            (no boots)
Will    .....        (no amulet)
Stlth   +++          (no ring)
HPRegen 0.25/turn    (no ring)
MPRegen 0.12/turn

%: no passive effects
@: freezing walls
A: fangs 1, strong nose, distributed training
a: no special abilities


You were on level 2 of the Dungeon.
You visited 1 branch of the dungeon, and saw 2 of its levels.

You collected 78 gold pieces.

Inventory:

Hand Weapons
 a - a +0 short sword (weapon)
 b - a +0 sling
 c - a +0 spear
Armour
 e - a +0 robe (worn)
Scrolls
 f - a scroll of blinking {unknown}
 g - 3 scrolls of identify {unknown}
Potions
 d - a potion of curing {unknown}
 h - a potion of magic


   Skills:
 + Level 1.0 Fighting
 + Level 1.0 Short Blades
 + Level 1.0 Long Blades
 + Level 1.0 Axes
 + Level 1.0 Maces & Flails
 + Level 1.0 Polearms
 + Level 1.0 Staves
 + Level 1.0 Ranged Weapons
 + Level 1.0 Throwing
 + Level 1.0 Armour
 + Level 4.6 Dodging
 + Level 4.2 Stealth
 + Level 1.0 Shields
 + Level 1.0 Unarmed Combat
 + Level 5.0 Spellcasting
 + Level 0.8 Conjurations
 + Level 0.8 Hexes
 + Level 0.8 Summonings
 + Level 0.8 Necromancy
 + Level 0.8 Translocations
 + Level 0.8 Fire Magic
 + Level 7.1 Ice Magic
 + Level 0.8 Air Magic
 + Level 0.8 Earth Magic
 + Level 0.8 Alchemy
 + Level 1.1 Invocations
 + Level 1.0 Evocations
 + Level 1.0 Shapeshifting


You had 9 spell levels left.
You knew the following spells:

 Your Spells              Type           Power      Damage    Failure   Level
a - Freeze                Ice            92%        1d9       1%          1
b - Frozen Ramparts       Ice            46%        1d7       2%          3

Your spell library contained the following spells:

 Spells                   Type           Power      Damage    Failure   Level
 Ozocubu's Armour         Ice            23%        N/A       2%          3
 Summon Ice Beast         Ice/Summ       14%        N/A       10%         3


Dungeon Overview and Level Annotations

Branches:
Dungeon (2/15)

Altars:


Innate Abilities, Weirdness & Mutations

You have very sharp teeth.
Your uncanny sense of smell can sniff out nearby items.
Your experience applies equally to all skills.


Message History

b - a +0 sling (weapon)
You see here a ball python corpse.
You see here a ball python corpse.
A malevolent force fills the Dungeon... and a teleportation trap spontaneously manifests!
You are yanked towards some nearby monsters!
Your surroundings seem slightly different. 4 jackals come into view.
Found an escape hatch in the floor.
The jackal barks! x4
The jackal attacks as it pursues you!
The jackal bites you but does no damage.
The jackal misses you.
Casting: Frozen Ramparts (dangerous; 2% risk of failure)
Confirm with . or Enter, or press ? or * to list all spells.
Casting: Frozen Ramparts (dangerous; 2% risk of failure)
Press: ? - help, Dir - look around, f - activate The walls around you are covered in ice.
The wall freezes the jackal but does no damage.
The jackal barely misses you.
The wall freezes the jackal.
You kill the jackal!
a - a +0 short sword (weapon)
The wall freezes the jackal!
You kill the jackal!
The wall freezes the jackal.
You hit the jackal.
You kill the jackal!
The wall freezes the jackal.
You barely miss the jackal.
The jackal is severely wounded.
The wall freezes the jackal but does no damage.
The jackal misses you.
The wall freezes the jackal but does no damage.
The jackal bites you but does no damage.
Unknown command.
You hit the jackal.
You kill the jackal!
Your Shapeshifting skill increases to level 1!
You have reached level 4!
You feel stronger.
Are you sure you want to abandon this character and quit the game? (Confirm with "yes".)

#..)#..#######
.........#...#..#
..........#...#..##
..........#...+...###
..........#...###...###
.......h..#...# ###.#.# ###
..........##.## #...###<#
..........##.#######......#
............††@...###.##..#
..>.......##.######
#.##..... ############.#
.........>. #.#
#..###.#.### ... ∆#..#
#.#.# ### #..# #...# ....
#.# #


There were no monsters in sight!

Vanquished Creatures
  2 adders (D:2)
  2 dart slugs
  3 bats (D:1)
  2 endoplasms (D:1)
  A giant cockroach (D:1)
  5 goblins
  6 jackals
  A kobold (D:1)
  3 ball pythons
  2 frilled lizards (D:1)
  5 rats
32 creatures vanquished.

Notes
Turn   | Place    | Note
-------+----------+-------------------------------------------
     0 | D:1      | 0gre the Gnoll Ice Elementalist began the quest for the
                  | Orb.
     0 | D:1      | Reached XP level 1. HP: 13/13 MP: 6/6
   301 | D:1      | Reached XP level 2. HP: 19/19 MP: 7/7
   831 | D:1      | Reached skill level 5 in Spellcasting
   831 | D:1      | Reached XP level 3. HP: 22/25 MP: 6/9
  1017 | D:2      | Learned a level 3 spell: Frozen Ramparts
  1027 | D:2      | Reached skill level 1 in Invocations
  1080 | D:2      | Reached skill level 1 in Fighting
  1080 | D:2      | Reached skill level 1 in Short Blades
  1080 | D:2      | Reached skill level 1 in Long Blades
  1080 | D:2      | Reached skill level 1 in Axes
  1080 | D:2      | Reached skill level 1 in Maces & Flails
  1080 | D:2      | Reached skill level 1 in Polearms
  1080 | D:2      | Reached skill level 1 in Staves
  1080 | D:2      | Reached skill level 1 in Ranged Weapons
  1080 | D:2      | Reached skill level 1 in Throwing
  1080 | D:2      | Reached skill level 1 in Armour
  1080 | D:2      | Reached skill level 1 in Shields
  1080 | D:2      | Reached skill level 1 in Unarmed Combat
  1080 | D:2      | Reached skill level 1 in Evocations
  1199 | D:2      | Reached skill level 1 in Shapeshifting
  1199 | D:2      | Reached XP level 4. HP: 32/32 MP: 7/11
  1199 | D:2      | Quit the game

Illustrated notes

Levels and vault maps discovered:
D:1:      orjb1_clovarrival, layout_loops_ring, kennysheep_decorative_pillar
D:2:      layout_basic

Skill      XL: |  1  2  3 |
---------------+----------+-----
Spellcasting   | 5 |  5.0
Invocations    | 1 |  1.1
Fighting       | 1 |  1.0
Short Blades   | 1 |  1.0
Long Blades    | 1 |  1.0
Axes           | 1 |  1.0
Maces & Flails | 1 |  1.0
Polearms       | 1 |  1.0
Staves         | 1 |  1.0
Ranged Weapons | 1 |  1.0
Throwing       | 1 |  1.0
Armour         | 1 |  1.0
Shields        | 1 |  1.0
Unarmed Combat | 1 |  1.0
Evocations     | 1 |  1.0
Shapeshifting  | 1 |  1.0
Dodging        | |  4.6
Stealth        | |  4.2
Conjurations   | |  0.8
Hexes          | |  0.8
Summonings     | |  0.8
Necromancy     | |  0.8
Translocations | |  0.8
Fire Magic     | |  0.8
Ice Magic      | |  7.1
Air Magic      | |  0.8
Earth Magic    | |  0.8
Alchemy        | |  0.8

Action                     |  1- 3 |  4- 6 || total
---------------------------+-------+-------++-------
  Melee: Dagger            |    26 |       ||    26
         Bite              |     4 |       ||     4
         Spear             |     6 |       ||     6
         Short sword       |    13 |       ||    13
   Fire: Sling             |    18 |       ||    18
   Cast: Freeze            |    25 |       ||    25
         Frozen Ramparts   |     3 |       ||     3
   Stab: Sleeping          |     3 |       ||     3
 Armour: Robe              |    33 |       ||    33
  Dodge: Dodged            |    43 |       ||    43
